 Dungeon Crawl Stone Soup version 0.28-a0-1435-g82390b3a13 (webtiles) character file.

Game seed: 11198976160694334778

107745 Lekart the Warrior (level 15, 0/146 HPs)
             Began as a Grey Draconian Fighter on Jan 9, 2022.
             Was a Priest of Jiyva.
             Slain by a salamander (10 damage)
             ... on level 2 of the Snake Pit.
             The game lasted 00:39:48 (20654 turns).

Lekart the Warrior (Grey Draconian Fighter)        Turns: 20654, Time: 00:39:48

Health: 0/146      AC: 17    Str: 36    XL:     15   Next: 64%
Magic:  0/15       EV: 21    Int: 13    God:    Jiyva [***...]
Gold:   1111       SH:  9    Dex: 21    Spells: 14/14 levels left

rFire   . . .      SeeInvis +   t - +12 mace "Ufoudaaq" {elec, Str+4}
rCold   + + .      Faith    .   b - +1 buckler
rNeg    . . .      Spirit   +   (armour unavailable)
rPois   .          Reflect  .   (helmet restricted)
rElec   .          Harm     .   s - +0 cloak
rCorr   +          Rampage  .   (no gloves)
Will    +....      Clarity  +   (no boots)
Stlth   ++........              d - amulet "Kakoxtirgh" {Spirit Str+7 Dex+4}
HPRegen 1.46/turn               n - ring of protection from cold
MPRegen 0.49/turn               K - +6 ring of strength

@: mighty, about to teleport
A: AC +14, amphibious, unfitting armour, cold-blooded, clarity, clever 2, cold
resistance 1, mutation resistance 1, passive freeze, shaggy fur 2, wild magic 3,
eyeballs 3, tendrils, jelly sensing items
}: 1/15 runes: slimy
a: Renounce Religion, Oozemancy


You were on level 2 of the Snake Pit.
You worshipped Jiyva.
Jiyva was most pleased with you.
You visited 6 branches of the dungeon, and saw 28 of its levels.
You also visited: Sewer.

You collected 1267 gold pieces.
You spent 156 gold pieces at shops.

Inventory:

Hand Weapons
 a - the +6 halberd of Chance {freeze, rElec Str-5 Int+9 SInv}
   (You found it on level 5 of the Pits of Slime)

   It freezes those it strikes, dealing additional cold damage.
   It can also slow down cold-blooded creatures.
   Str:       It affects your strength (-5).
   Int:       It affects your intelligence (+9).
   rElec:     It insulates you from electricity.
   SInv:      It lets you see invisible.
 h - a +6 spectral club
 q - a +0 hand crossbow of freezing
 t - the +12 mace "Ufoudaaq" (weapon) {elec, Str+4}
   (You found it on level 3 of the Dungeon)

   It occasionally discharges a powerful burst of electricity upon striking a
   foe.
   Str:       It affects your strength (+4).
 x - the +6 dagger of Wyirerpheim {speed, Fly rN+ Will-}
   (You found it on level 5 of the Pits of Slime)

   Attacks with this weapon are significantly faster.
   rN:        It protects you from negative energy.
   Fly:       It grants you flight.
   Will:      It decreases your willpower.
 J - the +10 hand crossbow "Bucaob" {venom, rElec}
   (You found it on level 3 of the Lair of Beasts)

   Any ammunition fired from it poisons the flesh of those it strikes.
   rElec:     It insulates you from electricity.
Missiles
 k - 15 poisoned darts (quivered)
 r - 5 bolts
 u - 3 throwing nets
Armour
 b - a +1 buckler (worn)
 s - a +0 cloak (worn)
Jewellery
 d - the amulet "Kakoxtirgh" (around neck) {Spirit Str+7 Dex+4}
   (You found it on level 5 of the Pits of Slime)

   [amulet of guardian spirit]

   It causes incoming damage to be divided between your reserves of health and
   magic.
   Str:       It affects your strength (+7).
   Dex:       It affects your dexterity (+4).
 l - an amulet of magic regeneration
 m - a ring of see invisible
 n - a ring of protection from cold (left hand)
 K - a +6 ring of strength (right hand)
 M - a ring of flight
Wands
 g - a wand of flame (9)
 v - a wand of iceblast (18)
 A - a wand of polymorph (1)
 F - a wand of paralysis (11)
 I - a wand of acid (4)
 T - a wand of mindburst (7)
Scrolls
 e - 6 scrolls of enchant armour
 f - 5 scrolls of teleportation
 o - a scroll of enchant weapon
 y - 2 scrolls of brand weapon
 B - 2 scrolls of identify
 E - a scroll of silence {unknown}
 L - 3 scrolls of fog
 Q - a scroll of magic mapping
 R - 3 scrolls of amnesia {unknown}
Potions
 c - 3 potions of might
 i - 2 potions of curing
 p - 2 potions of cancellation {unknown}
 z - 3 potions of flight {unknown}
 D - a potion of magic {unknown}
 G - 2 potions of brilliance
 H - a potion of attraction {unknown}
 O - 2 potions of haste {unknown}
 P - a potion of berserk rage {unknown}
 S - a potion of degeneration {unknown}
Miscellaneous
 C - a tin of tremorstones (2/2)
 N - a box of beasts


   Skills:
 * Level 16.8 Fighting
 + Level 3.6(4.0) Short Blades
 + Level 2.4(3.4) Long Blades
 + Level 14.3 Maces & Flails
 + Level 8.8 Crossbows
 + Level 0.4 Throwing
 + Level 12.2 Dodging
 + Level 11.3 Shields
 + Level 0.4 Evocations


You had 14 spell levels left.
You didn't know any spells.
Your spell library contained the following spells:

 Spells                   Type           Power      Damage    Failure   Level
 Hailstorm                Conj/Ice       0%         3d3       99%         4
 Ice Form                 Ice/Tmut       0%         N/A       99%         4
 Freezing Cloud           Conj/Ice/Air   0%         6-21      100%        5
 Simulacrum               Ice/Necr       0%         N/A       100%        6
 Chain Lightning          Conj/Air       0%         N/A       100%        9
 Fire Storm               Conj/Fire      0%         5d1       100%        9
 Polar Vortex             Ice            0%         N/A       100%        9
 Shatter                  Erth           0%         3d5*      100%        9


Dungeon Overview and Level Annotations

Branches:
Dungeon (12/15)            Temple (1/1) D:5            Lair (6/6) D:10
  Snake (2/4) Lair:2       Spider (0/4) Lair:4        Slime (5/5) Lair:5
    Orc (2/2) D:12            Elf (0/3) Orc:2         Sewer (visited)

Altars:
Ashenzari
Cheibriados
Dithmenos
Elyvilon
Fedhas
Gozag
Hepliaklqana
Kikubaaqudgha
Makhleb
Nemelex Xobeh
Okawaru
Qazlal
Ru
Sif Muna
Trog
Uskayaw
Vehumet
Wu Jian
Xom
Yredelemnul
Zin
The Shining One
Beogh
Jiyva

Shops:
D:3 (   D:5 [**!?*:   D:9 *   Orc:2 !:=*?:   Snake:1 (?(

Annotations:
D:7 2 transporters, Lekart's ghost, novice DrFi
D:9 3 runed translucent doors, kelmiir's ghost, journeyman GnAE
Snake:1 exclusion: downstairs
Slime:5 Royal Jelly


Innate Abilities, Weirdness & Mutations

Your dull iron-grey scales are very hard. (AC +14)
You are amphibious.
You cannot fit into any form of body armour.
You are cold-blooded and may be slowed by cold attacks.
You possess an exceptional clarity of mind.
Your mind is very acute. (Int +4)
Your flesh is cold resistant. (rC+)
You are somewhat resistant to further mutation.
A frigid envelope surrounds you and freezes all who hurt you.
You are covered in thick fur. (AC +2)
Your spells are much harder to cast, but much more powerful.
Your body is covered in eyes which may confuse attackers. (Acc +7, SInv)
You are covered in slimy tendrils that may disarm your opponents.
You have a small jelly attached to you that senses nearby items.


Message History

The naga sharpshooter is moderately wounded.
The naga sharpshooter shoots a bolt.
You block the bolt.
The naga sharpshooter mumbles some strange words.
The naga sharpshooter magically shoots an arrow.
The arrow completely misses you.
You sock the naga sharpshooter!
Lightning courses through the naga sharpshooter!
The naga sharpshooter is severely wounded.
The salamander closely misses you.
The naga sharpshooter spits poison at you.
The splash of poison misses you.
You bludgeon the naga sharpshooter!!
The naga sharpshooter is almost dead.
The naga sharpshooter shoots an arrow.
You block the arrow.
The salamander hits you with a +0 spear.
* * * LOW HITPOINT WARNING * * *
You are engulfed in flames!
* * * LOW HITPOINT WARNING * * *
The salamander is frozen!
The salamander is very cold.
The salamander is lightly wounded.
The naga sharpshooter mumbles some strange words.
The naga sharpshooter magically shoots a bolt.
The bolt hits you.
* * * LOW HITPOINT WARNING * * *
As you read the scroll of teleportation, it crumbles to dust.
You feel strangely unstable.
The naga sharpshooter spits poison at you.
You block the splash of poison.
The naga sharpshooter shoots an arrow.
The arrow completely misses you. The salamander misses you.
The naga sharpshooter mumbles some strange words.
The naga sharpshooter magically shoots a bolt.
You block the bolt.
The naga sharpshooter shoots a bolt.
The bolt hits you!
* * * LOW HITPOINT WARNING * * *
The naga sharpshooter spits poison at you.
You block the splash of poison.
The salamander hits you from afar with a +0 spear.
* * * LOW HITPOINT WARNING * * *
You are engulfed in flames!
You die...

##..(###################.
##....# #. ##.....## #.
##....(..# #.
##...†##..########## ####
##..).####§N§#§......
#... ##...###
##NN§§§..... ##...
##....# ##§§N§..... #....
##....## ##§§@§###..
##### #....## ##§##§##
....## ##...§## ### ...##
##....## #.# ..##
##....## #.###########
..# ##....##
###......#.... ..#
##....## ##.....).......
..# #..#.##
##........#.>#.. ..#
##..## ##....##########.


You could see 2 naga sharpshooters and a salamander.

Vanquished Creatures
  Vashnia (Snake:2)
  Nikola (Snake:1)
  The ghost of Vetuhose the Warrior, a journeyman MiFi of Okawaru (Lair:6)
  A dire elephant (Lair:1)
  7 naga warriors
  5 hydras
  A boulder beetle (D:12)
  An ogre mage (Orc:1)
  5 catoblepae
  5 anacondas
  9 two-headed ogres
  7 death yaks (Lair:6)
  4 orc high priests (Orc:2)
  6 naga sharpshooters
  A salamander mystic (Snake:1)
  A naga ritualist (Snake:2)
  8 orc knights
  2 orc sorcerers (Orc:2)
  4 mana vipers
  2 oklob plants
  2 ugly things (D:12)
  5 salamanders
  2 manticores (Lair:6)
  5 elephants (Lair:5)
  3 guardian serpents
  10 black mambas
  2 torpor snails
  17 cane toads
  6 naga magi
  5 rime drakes
  3 komodo dragons
  The ghost of erthbison the Cudgeller, a novice GrFi (D:5)
  7 trolls
  A hornet (Lair:4)
  2 polar bears
  Grinder (D:3)
  22 blink frogs
  16 dream sheep
  2 shadows
  3 vampires
  2 wraiths
  4 wyverns
  A wyvern (shapeshifter) (D:8)
  59 yaks
  3 vampire mosquitoes (D:10)
  A basilisk (Lair:2)
  A warg (Orc:1)
  A steam dragon (D:6)
  Edmund (D:5)
  An acid dragon (D:10)
  14 nagas
  Duvessa (D:6)
  15 water moccasins
  36 orc warriors
  A black bear (D:5)
  2 sky beasts
  An ice beast (D:5)
  5 ogres
  9 wolves
  A necrophage (D:6)
  3 centaurs
  5 kobold brigands
  8 bullfrogs
  4 scorpions
  A gnoll sergeant (Orc:2)
  A water moccasin zombie (D:6)
  Dowan (D:6)
  15 killer bees (D:9)
  3 wights (D:10)
  3 howler monkeys (D:8)
  An electric eel (Lair:2)
  6 centaur zombies
  2 hounds
  Crazy Yiuf (D:3)
  A gnoll shaman (D:6)
  20 orc priests
  A bullfrog skeleton (D:7)
  Ijyb (D:5)
  3 iguanas (D:5)
  19 orc wizards
  A killer bee zombie (D:5)
  14 gnolls
  12 adders
  A river rat (Sewer)
  A shadow imp (D:8)
  2 white imps (D:6)
  12 worms
  4 dart slugs
  70 orcs
  5 bats
  2 endoplasms (D:1)
  3 giant cockroaches
  17 goblins
  7 hobgoblins
  A jackal (D:3)
  2 quokkas
  12 ball pythons
  4 frilled lizards
  17 kobolds
  5 rats
637 creatures vanquished.

Vanquished Creatures (collateral kills)
  An orc high priest (Orc:2)
  A two-headed ogre (D:9)
  An orc knight (Orc:2)
  A lindwurm (Lair:1)
  An orc warrior (Orc:2)
5 creatures vanquished.

Vanquished Creatures (others)
  A naga sharpshooter (Snake:2)
  3 slime creatures
  A black mamba (Snake:2)
  A naga mage (Snake:1)
  2 rime drakes
  2 dream sheep
  A wyvern (Lair:4)
  2 orc warriors (Orc:2)
  2 wolves (Lair:2)
  A centaur (D:10)
  2 bullfrogs
  A scorpion (Lair:4)
  A centaur zombie (D:9)
  114 jellies
  4 orc priests
  An iguana (D:6)
  A gnoll (D:4)
  3 adders
  A shadow imp (D:4)
  A dart slug (D:3)
  A worm (D:4)
  6 orcs
  A bat (D:1)
  2 endoplasms
  A giant cockroach (D:4)
  5 goblins
  3 hobgoblins
  5 jackals
  9 kobolds
  2 quokkas (D:3)
  2 ball pythons
  A rat (D:3)
  73 fungi
  100 plants
  9 toadstools (Lair:1)
365 creatures vanquished.

Grand Total: 1007 creatures vanquished

Notes
Turn   | Place    | Note
-------+----------+-------------------------------------------
     0 | D:1      | Lekart the Draconian Fighter began the quest for the Orb.
     0 | D:1      | Reached XP level 1. HP: 19/19 MP: 1/1
   463 | D:1      | Reached XP level 2. HP: 26/26 MP: 2/2
   710 | D:1      | Found a faded altar of an unknown god.
   728 | D:1      | Prayed at the altar of an unknown god.
   728 | D:1      | Became a worshipper of Jiyva Jotikhle the Shapeless
   728 | D:1      | Reached * piety under Jiyva
   782 | D:1      | Reached XP level 3. HP: 33/33 MP: 3/3
   822 | D:1      | Reached skill level 4 in Fighting
  1453 | D:2      | Reached skill level 1 in Short Blades
  1620 | D:2      | Reached XP level 4. HP: 40/40 MP: 4/4
  1725 | D:2      | Reached ** piety under Jiyva
  1893 | D:3      | Found Zununlae's Weapon Boutique.
  1957 | D:3      | Noticed a scorpion
  1964 | D:3      | Killed a scorpion
  1965 | D:3      | Reached XP level 5. HP: 47/47 MP: 5/5
  2286 | D:3      | Noticed Grinder
  2320 | D:3      | Killed Grinder
  2321 | D:3      | Reached skill level 5 in Fighting
  2321 | D:3      | Reached XP level 6. HP: 24/56 MP: 6/6
  2390 | D:3      | Found a runed translucent door.
  2391 | D:3      | Noticed Crazy Yiuf
  2461 | D:3      | Found a glowing drain.
  2465 | Sewer    | Entered a sewer
  2489 | Sewer    | Reached *** piety under Jiyva
  2900 | Sewer    | Your scales start taking on a dull iron-grey colour.
  2900 | Sewer    | Reached XP level 7. HP: 61/61 MP: 7/7
  3078 | Sewer    | Reached skill level 1 in Crossbows
  3580 | D:3      | Killed Crazy Yiuf
  3590 | D:3      | Identified the +12 mace "Ufoudaaq" {elec, Str+4}
  3975 | D:4      | Found a shadowy altar of Dithmenos.
  4085 | D:4      | Gained mutation: Your rubbery body absorbs attacks. (AC +1,
                  | EV +1) [Jiyva's grace]
  4085 | D:4      | Gained mutation: Your pliable body absorbs attacks. (AC +2,
                  | EV +2) [Jiyva's grace]
  4085 | D:4      | Gained mutation: Your gelatinous body deflects attacks. (AC
                  | +3, EV +3) [Jiyva's grace]
  4085 | D:4      | Gained mutation: Your muscles are strong. (Str +2) [Jiyva's
                  | grace]
  4584 | D:4      | Reached **** piety under Jiyva
  4777 | D:4      | Found a hazy altar of Hepliaklqana.
  4786 | D:4      | Lost mutation: Your muscles are strong. (Str +2) [potion of
                  | mutation]
  4786 | D:4      | Lost mutation: Your gelatinous body deflects attacks. (AC
                  | +3, EV +3) [potion of mutation]
  4786 | D:4      | Gained mutation: Your mind is acute. (Int +2) [potion of
                  | mutation]
  4786 | D:4      | Gained mutation: You are weak. (Str -2) [potion of
                  | mutation]
  4786 | D:4      | Gained mutation: Your mind is very acute. (Int +4) [potion
                  | of mutation]
  4787 | D:4      | Lost mutation: You are weak. (Str -2) [potion of mutation]
  4787 | D:4      | Lost mutation: Your mind is very acute. (Int +4) [potion of
                  | mutation]
  4787 | D:4      | Lost mutation: Your mind is acute. (Int +2) [potion of
                  | mutation]
  4787 | D:4      | Gained mutation: You have hidden genetic potential. [potion
                  | of mutation]
  4787 | D:4      | Gained mutation: You sometimes lose the ability to read
                  | scrolls when taking damage. [potion of mutation]
  4788 | D:4      | Lost mutation: You have hidden genetic potential. [potion
                  | of mutation]
  4788 | D:4      | Lost mutation: Your pliable body absorbs attacks. (AC +2,
                  | EV +2) [potion of mutation]
  4788 | D:4      | Gained mutation: Your spells are a little harder to cast,
                  | but a little more powerful. [potion of mutation]
  4788 | D:4      | Gained mutation: Your tail ends in a venomous barb. [potion
                  | of mutation]
  4812 | D:5      | Entered Level 5 of the Dungeon
  4812 | D:5      | Found Wixtyady's Book Shoppe.
  4821 | D:5      | Found a stormy altar of Qazlal.
  4847 | D:5      | Found Pugyn's General Store.
  4855 | D:5      | Found a staircase to the Ecumenical Temple.
  4895 | D:5      | Reached skill level 5 in Dodging
  4941 | Temple   | Entered the Ecumenical Temple
  5211 | D:5      | Noticed Ijyb
  5216 | D:5      | Killed Ijyb
  5242 | D:5      | Found a runed translucent gate.
  5243 | D:5      | Noticed erthbison's ghost (novice GrFi)
  5243 | D:5      | Found a runed translucent gate.
  5301 | D:5      | Found Garphuqic's General Store.
  5302 | D:5      | Found Jomnurax's Distillery.
  5328 | D:5      | Found a runed translucent gate.
  5331 | D:5      | Found Kofifu's Specific Store.
  5335 | D:5      | Bought a potion of mutation for 120 gold pieces
  5335 | D:5      | Lost mutation: Your tail ends in a venomous barb. [potion
                  | of mutation]
  5335 | D:5      | Lost mutation: Your rubbery body absorbs attacks. (AC +1,
                  | EV +1) [potion of mutation]
  5335 | D:5      | Lost mutation: Your spells are a little harder to cast, but
                  | a little more powerful. [potion of mutation]
  5335 | D:5      | Gained mutation: Your spells are a little harder to cast,
                  | but a little more powerful. [potion of mutation]
  5335 | D:5      | Gained mutation: You tend to lose your temper in combat.
                  | [potion of mutation]
  5361 | D:5      | Found Gougad's Armour Shop.
  5417 | D:5      | Reached skill level 1 in Maces & Flails
  5436 | D:5      | Found Mynauk's Magic Scroll Emporium.
  5440 | D:5      | Bought a scroll of teleportation for 36 gold pieces
  5508 | D:5      | Noticed Edmund
  5518 | D:5      | Killed Edmund
  5519 | D:5      | Reached skill level 6 in Fighting
  5519 | D:5      | Reached XP level 8. HP: 64/70 MP: 8/8
  5634 | D:5      | Killed erthbison's ghost
  5659 | D:6      | Found a basalt altar of Yredelemnul.
  5659 | D:6      | Reached ***** piety under Jiyva
  5719 | D:6      | Found a broken altar of Ashenzari.
  5984 | D:6      | Gained mutation: Your rubbery body absorbs attacks. (AC +1,
                  | EV +1) [Jiyva's grace]
  5984 | D:6      | Gained mutation: Your pliable body absorbs attacks. (AC +2,
                  | EV +2) [Jiyva's grace]
  5984 | D:6      | Gained mutation: Your gelatinous body deflects attacks. (AC
                  | +3, EV +3) [Jiyva's grace]
  5984 | D:6      | Gained mutation: You have a small jelly attached to you
                  | that may absorb projectiles. [Jiyva's grace]
  6082 | D:6      | Found a bloodstained altar of Trog.
  6170 | D:6      | Noticed Dowan
  6172 | D:6      | Killed Dowan
  6172 | D:6      | Noticed Duvessa
  6173 | D:6      | Reached skill level 7 in Fighting
  6181 | D:6      | Killed Duvessa
  6182 | D:6      | Reached XP level 9. HP: 45/79 MP: 9/9
  6396 | D:7      | Reached skill level 5 in Maces & Flails
  6587 | D:7      | Found a transporter.
  6591 | D:7      | Noticed Lekart's ghost (novice DrFi)
  6605 | D:7      | Found a transporter.
  6606 | D:7      | Noticed a moth of wrath
  6940 | D:8      | Reached ****** piety under Jiyva
  7066 | D:8      | Lost mutation: You tend to lose your temper in combat.
                  | [Jiyva's grace]
  7066 | D:8      | Lost mutation: Your gelatinous body deflects attacks. (AC
                  | +3, EV +3) [Jiyva's grace]
  7066 | D:8      | Gained mutation: A frigid envelope surrounds you and
                  | freezes all who hurt you. [Jiyva's grace]
  7066 | D:8      | Gained mutation: You expend magic power (3 MP) to
                  | strengthen your wands. [Jiyva's grace]
  7066 | D:8      | Gained mutation: You have a pair of small horns on your
                  | head. [Jiyva's grace]
  7066 | D:8      | Gained mutation: You have a pair of horns on your head.
                  | [Jiyva's grace]
  7196 | D:8      | Found an ancient bone altar of Kikubaaqudgha.
  7382 | D:9      | Noticed a two-headed ogre
  7384 | D:9      | Killed a two-headed ogre
  7385 | D:9      | Reached skill level 8 in Fighting
  7385 | D:9      | Reached skill level 5 in Shields
  7508 | D:9      | Reached XP level 10. HP: 86/88 MP: 10/10
  7551 | D:9      | Noticed a two-headed ogre
  7556 | D:9      | Killed a two-headed ogre
  7661 | D:9      | Found Qeti's Serpentskin Sales.
  7718 | D:9      | Noticed a two-headed ogre
  7722 | D:9      | Killed a two-headed ogre
  7723 | D:9      | Reached skill level 9 in Fighting
  7728 | D:9      | Found a runed translucent gate.
  7728 | D:9      | Identified the +1 chain mail of the Unbroken {-Tele +Inv
                  | rF++ Regen+}
  7729 | D:9      | Found a runed translucent gate.
  7729 | D:9      | Noticed kelmiir's ghost (journeyman GnAE)
  7741 | D:9      | Found a runed translucent gate.
  8090 | D:10     | Entered Level 10 of the Dungeon
  8396 | D:10     | Found a snail-covered altar of Cheibriados.
  8667 | D:10     | Found a staircase to the Lair.
  8878 | Lair:1   | Entered Level 1 of the Lair of Beasts
  8885 | D:10     | Reached XP level 11. HP: 97/97 MP: 11/11
  9069 | Lair:1   | Lost mutation: Your spells are a little harder to cast, but
                  | a little more powerful. [Jiyva's grace]
  9069 | Lair:1   | Gained mutation: You are covered in slimy tendrils that may
                  | disarm your opponents. [Jiyva's grace]
  9069 | Lair:1   | Gained mutation: You are somewhat resistant to further
                  | mutation. [Jiyva's grace]
  9069 | Lair:1   | Gained mutation: You are somewhat resistant to both further
                  | mutation and mutation removal. [Jiyva's grace]
  9069 | Lair:1   | Gained mutation: You are almost entirely resistant to
                  | further mutation and mutation removal. [Jiyva's grace]
  9165 | Lair:1   | Noticed a seven-headed hydra
  9168 | Lair:1   | Reached skill level 10 in Fighting
  9176 | Lair:1   | Killed a seven-headed hydra
  9177 | Lair:1   | Reached skill level 10 in Maces & Flails
  9311 | Lair:1   | Found a runed translucent door.
  9335 | Lair:1   | Noticed a lindwurm
  9335 | Lair:1   | Noticed a dire elephant
  9905 | Lair:1   | Killed a dire elephant
  9950 | Lair:1   | Killed a lindwurm
 10130 | Lair:2   | Noticed a four-headed hydra
 10134 | Lair:2   | Slimified a four-headed hydra
 10134 | Lair:2   | Noticed an acid blob
 10134 | Lair:2   | a four-headed hydra changed into an acid blob
 10181 | Lair:2   | Found a staircase to the Snake Pit.
 10240 | Lair:2   | Reached skill level 11 in Fighting
 10466 | Lair:2   | Reached XP level 12. HP: 110/110 MP: 12/12
 10594 | Lair:2   | Noticed a six-headed hydra
 10599 | Lair:2   | Killed a six-headed hydra
 10619 | Lair:2   | Lost mutation: You have a pair of horns on your head.
                  | [Jiyva's grace]
 10619 | Lair:2   | Lost mutation: You are covered in slimy tendrils that may
                  | disarm your opponents. [Jiyva's grace]
 10619 | Lair:2   | Gained mutation: Armour fits poorly on your pseudopods.
                  | [Jiyva's grace]
 10619 | Lair:2   | Gained mutation: Armour fits poorly on your large
                  | pseudopods. [Jiyva's grace]
 10619 | Lair:2   | Gained mutation: Armour fits poorly on your massive
                  | pseudopods. [Jiyva's grace]
 10619 | Lair:2   | Gained mutation: You possess an exceptional clarity of
                  | mind. [Jiyva's grace]
 10957 | Lair:3   | Noticed a catoblepas
 10969 | Lair:3   | Killed a catoblepas
 11233 | Lair:3   | Reached skill level 12 in Fighting
 11233 | Lair:3   | Identified the +10 hand crossbow "Bucaob" {venom, rElec}
 11989 | Lair:4   | Reached skill level 10 in Dodging
 12141 | Lair:4   | Found a hole to the Spider Nest.
 12147 | Lair:4   | Reached skill level 5 in Crossbows
 12653 | Lair:4   | Reached XP level 13. HP: 119/119 MP: 13/13
 12838 | Lair:5   | Lost mutation: You have a small jelly attached to you that
                  | may absorb projectiles. [Jiyva's grace]
 12838 | Lair:5   | Gained mutation: You have a small jelly attached to you
                  | that may absorb projectiles. [Jiyva's grace]
 12838 | Lair:5   | Gained mutation: You are resistant to electric shocks.
                  | (rElec) [Jiyva's grace]
 12838 | Lair:5   | Gained mutation: You are partially covered in large bone
                  | plates. (SH +4) [Jiyva's grace]
 12838 | Lair:5   | Gained mutation: You are mostly covered in large bone
                  | plates. (SH +6) [Jiyva's grace]
 12846 | Lair:5   | You fall into a shaft and drop 1 floor!
 12846 | Lair:6   | Entered Level 6 of the Lair of Beasts
 12855 | Lair:6   | Reached skill level 13 in Fighting
 13439 | Lair:6   | Reached skill level 14 in Fighting
 13657 | Lair:6   | Found a runed translucent door.
 13657 | Lair:6   | Noticed Vetuhose's ghost (journeyman MiFi)
 13717 | Lair:6   | Killed Vetuhose's ghost
 14069 | Lair:5   | Reached XP level 14. HP: 127/133 MP: 14/14
 14319 | Lair:5   | Found a staircase to the Slime Pits.
 14319 | Lair:5   | Found a viscous altar of Jiyva.
 14320 | Lair:5   | Lost mutation: You are mostly covered in large bone plates.
                  | (SH +6) [Jiyva's grace]
 14320 | Lair:5   | Lost mutation: Armour fits poorly on your massive
                  | pseudopods. [Jiyva's grace]
 14320 | Lair:5   | Lost mutation: You sometimes lose the ability to read
                  | scrolls when taking damage. [Jiyva's grace]
 14320 | Lair:5   | Lost mutation: You expend magic power (3 MP) to strengthen
                  | your wands. [Jiyva's grace]
 14320 | Lair:5   | Gained mutation: Your flesh is cold resistant. (rC+)
                  | [Jiyva's grace]
 14320 | Lair:5   | Gained mutation: Your flesh is very cold resistant. (rC++)
                  | [Jiyva's grace]
 14320 | Lair:5   | Gained mutation: Your flesh is almost immune to the effects
                  | of cold. (rC+++) [Jiyva's grace]
 14320 | Lair:5   | Gained mutation: You are mostly covered in large bone
                  | plates. (SH +6) [Jiyva's grace]
 14343 | Slime:1  | Entered Level 1 of the Pits of Slime
 14343 | Slime:1  | Noticed an acid blob
 14343 | Slime:1  | Noticed a rockslime
 14343 | Slime:1  | Noticed a rockslime
 14343 | Slime:1  | Noticed an acid blob
 14343 | Slime:1  | Noticed an acid blob
 14402 | Slime:1  | Found a viscous altar of Jiyva.
 14454 | Slime:2  | Noticed an azure jelly
 14454 | Slime:2  | Noticed an azure jelly
 14538 | Slime:2  | Noticed an acid blob
 14585 | Slime:2  | Noticed a quicksilver ooze
 14749 | Slime:3  | Noticed an acid blob
 14751 | Slime:3  | Noticed a quicksilver ooze
 14884 | Slime:3  | Found a viscous altar of Jiyva.
 14965 | Slime:4  | Noticed an acid blob
 15026 | Slime:4  | Noticed an acid blob
 15029 | Slime:4  | Noticed an acid blob
 15051 | Slime:4  | Lost mutation: You are mostly covered in large bone plates.
                  | (SH +6) [Jiyva's grace]
 15051 | Slime:4  | Lost mutation: Your flesh is almost immune to the effects
                  | of cold. (rC+++) [Jiyva's grace]
 15051 | Slime:4  | Lost mutation: You are almost entirely resistant to further
                  | mutation and mutation removal. [Jiyva's grace]
 15051 | Slime:4  | Lost mutation: You are resistant to electric shocks.
                  | (rElec) [Jiyva's grace]
 15051 | Slime:4  | Gained mutation: Your mind is acute. (Int +2) [Jiyva's
                  | grace]
 15051 | Slime:4  | Gained mutation: Your mind is very acute. (Int +4) [Jiyva's
                  | grace]
 15051 | Slime:4  | Gained mutation: You expend magic power (3 MP) to
                  | strengthen your wands. [Jiyva's grace]
 15051 | Slime:4  | Gained mutation: Your spells are a little harder to cast,
                  | but a little more powerful. [Jiyva's grace]
 15203 | Slime:4  | Noticed a rockslime
 15239 | Slime:4  | Noticed a quicksilver ooze
 15239 | Slime:4  | Noticed a quicksilver ooze
 15363 | Slime:5  | Entered Level 5 of the Pits of Slime
 15363 | Slime:5  | Noticed a rockslime
 15383 | Slime:5  | Noticed an azure jelly
 15437 | Slime:5  | Noticed the Royal Jelly
 15445 | Slime:5  | Found a viscous altar of Jiyva.
 15445 | Slime:5  | Noticed an acid blob
 15445 | Slime:5  | Noticed an acid blob
 15445 | Slime:5  | Noticed an azure jelly
 15446 | Slime:5  | Noticed a quicksilver ooze
 15447 | Slime:5  | Noticed an acid blob
 15448 | Slime:5  | Noticed an acid blob
 15456 | Slime:5  | Identified the +6 halberd of Chance {freeze, rElec Str-5
                  | Int+9 SInv}
 15459 | Slime:5  | Identified the amulet "Kakoxtirgh" {Spirit Str+7 Dex+4}
 15471 | Slime:5  | Got a slimy rune of Zot
 15476 | Slime:5  | Noticed a rockslime
 15483 | Slime:5  | Identified the +6 dagger of Wyirerpheim {speed, Fly rN+
                  | Will-}
 15494 | Slime:5  | Noticed a rockslime
 15510 | Slime:5  | Noticed an acid blob
 15560 | Slime:5  | Noticed an acid blob
 15611 | Slime:5  | Noticed an acid blob
 16215 | D:12     | Lost mutation: You are partially covered in large bone
                  | plates. (SH +4) [Jiyva's grace]
 16215 | D:12     | Lost mutation: Your spells are a little harder to cast, but
                  | a little more powerful. [Jiyva's grace]
 16215 | D:12     | Lost mutation: Armour fits poorly on your large pseudopods.
                  | [Jiyva's grace]
 16215 | D:12     | Lost mutation: You have a small jelly attached to you that
                  | may absorb projectiles. [Jiyva's grace]
 16215 | D:12     | Gained mutation: You are covered in fur. (AC +1) [Jiyva's
                  | grace]
 16215 | D:12     | Gained mutation: You are covered in thick fur. (AC +2)
                  | [Jiyva's grace]
 16215 | D:12     | Gained mutation: Your thick and shaggy fur keeps you warm.
                  | (AC +3, rC+) [Jiyva's grace]
 16215 | D:12     | Gained mutation: Your spells are a little harder to cast,
                  | but a little more powerful. [Jiyva's grace]
 16579 | D:12     | Found a staircase to the Orcish Mines.
 16809 | Orc:1    | Entered Level 1 of the Orcish Mines
 16944 | Orc:1    | Reached skill level 15 in Fighting
 17182 | Orc:2    | Entered Level 2 of the Orcish Mines
 17182 | Orc:2    | Found Elen's Book Emporium.
 17194 | Orc:2    | Found a staircase to the Elven Halls.
 17351 | Orc:2    | Reached skill level 10 in Shields
 17390 | Orc:2    | Found Vomanaat's Distillery.
 17418 | Orc:2    | Found a burning altar of Makhleb.
 18033 | Orc:2    | Found Azilozin's Jewellery Shoppe.
 18033 | Orc:2    | Found Baonwim's Book Shoppe.
 18034 | Orc:2    | Found Ganuseipp's Assorted Antiques.
 18034 | Orc:2    | Found Gizxemp's Magic Scroll Emporium.
 18149 | Orc:2    | Lost mutation: Your flesh is very cold resistant. (rC++)
                  | [Jiyva's grace]
 18149 | Orc:2    | Lost mutation: You are somewhat resistant to both further
                  | mutation and mutation removal. [Jiyva's grace]
 18149 | Orc:2    | Lost mutation: Your thick and shaggy fur keeps you warm.
                  | (AC +3, rC+) [Jiyva's grace]
 18149 | Orc:2    | Lost mutation: Your pliable body absorbs attacks. (AC +2,
                  | EV +2) [Jiyva's grace]
 18149 | Orc:2    | Gained mutation: You have acidic saliva. [Jiyva's grace]
 18149 | Orc:2    | Gained mutation: Your body has grown eyes which may confuse
                  | attackers. (Acc +3) [Jiyva's grace]
 18149 | Orc:2    | Gained mutation: Your body has grown many eyes which may
                  | confuse attackers. (Acc +5) [Jiyva's grace]
 18149 | Orc:2    | Gained mutation: Your body is covered in eyes which may
                  | confuse attackers. (Acc +7, SInv) [Jiyva's grace]
 18447 | Snake:1  | Entered Level 1 of the Snake Pit
 18599 | Snake:1  | Reached XP level 15. HP: 91/143 MP: 10/15
 18788 | Snake:1  | Found Jumacotu's Weapon Emporium.
 18791 | Snake:1  | Found Ceidduut's Magic Scroll Shoppe.
 18793 | Snake:1  | Found Kivvanliu's Antique Weapon Emporium.
 19303 | Snake:1  | Noticed Nikola
 19321 | Snake:1  | Killed Nikola
 19322 | Snake:1  | Reached skill level 16 in Fighting
 19484 | Snake:2  | Lost mutation: You have a pair of small horns on your head.
                  | [Jiyva's grace]
 19484 | Snake:2  | Lost mutation: You have acidic saliva. [Jiyva's grace]
 19484 | Snake:2  | Lost mutation: Your rubbery body absorbs attacks. (AC +1,
                  | EV +1) [Jiyva's grace]
 19484 | Snake:2  | Lost mutation: Armour fits poorly on your pseudopods.
                  | [Jiyva's grace]
 19484 | Snake:2  | Lost mutation: You expend magic power (3 MP) to strengthen
                  | your wands. [Jiyva's grace]
 19484 | Snake:2  | Gained mutation: Your spells are harder to cast, but more
                  | powerful. [Jiyva's grace]
 19484 | Snake:2  | Gained mutation: Your spells are much harder to cast, but
                  | much more powerful. [Jiyva's grace]
 19484 | Snake:2  | Gained mutation: You have a small jelly attached to you
                  | that senses nearby items. [Jiyva's grace]
 19484 | Snake:2  | Gained mutation: You are covered in slimy tendrils that may
                  | disarm your opponents. [Jiyva's grace]
 19735 | Snake:2  | Noticed Vashnia
 20644 | Snake:2  | Killed Vashnia
 20654 | Snake:2  | Slain by a salamander

Illustrated notes

Levels and vault maps discovered:
D:1:      ncdulo_halloftheorcs, layout_loops_ring,
          shapermc_ecumenical_altar_starsandcircs
D:2:      layout_basic
D:3:      layout_loops_ring, serial_forest, infiniplex_forest_straight_1,
          infiniplex_forest_corner_2, infiniplex_forest_lined_3_way,
          infiniplex_forest_lined_4_way, infiniplex_forest_straight_2,
          infiniplex_forest_corner_2, gup_sewer_entry_bowl, serial_shops, shop,
          minmay_misc_feat_diagonals, uniq_grinder, uniq_crazy_yiuf_cottage
D:4:      layout_layer_cave, mainiacjoe_overflow_24_doors,
          nicolae_hepliaklqana_hippocampus, minivault_24
D:5:      layout_basic, nicolae_qazlal_scattered_showers,
          minmay_temple_entry_overgrown, serial_shops, kennysheep_little_box,
          shop, nicolae_shop_competitors_out_of_business, shop, shop,
          gammafunk_ghost_nasty_kobolds, abandoned_shop, minmay_misc_feat_chi,
          nicolae_specific_store, uniq_edmund, uniq_ijyb
D:6:      layout_loops_ring, mainiacjoe_overflow_tiny_flanked,
          nicolae_ashenzari_skybound, trog_hazing_becter,
          minmay_misc_feat_encased, grunt_ministairs_15, uniq_duvessa
D:7:      layout_cave_pools, gammafunk_ghost_berserking_beasts
D:8:      layout_basic, kiku_gazebo_pond_becter, minmay_orc_keep
D:9:      layout_roguey, biasface_ghost_orc_armoury, guppyfry_shop_venom
D:10:     layout_basic, slow_altar_1, lair_entry_dummy
D:11:     layout_roguey
D:12:     cheibrodos_elevator_heist, layout_basic
Temple:   minmay_temple_curvy_branch
Lair:1:   gammafunk_lair_enchanted_lake, layout_regular_city
Lair:2:   layout_gridlike, dummy_snake_entry, st_stairs_9, serial_bayou_pond_a,
          infiniplex_staircase_pool
Lair:3:   layout_layer_cave, minmay_lair_oklob_items
Lair:4:   layout_loops_ring, nicolae_spider_entry_non_spiders,
          lemuel_fruit_fields, grunt_megastairs_5, serial_bayou_shore_b
Lair:5:   layout_regular_city, slime_altar_1, gammafunk_ghost_hive,
          wad_woods_road_04, grunt_megastairs_3
Lair:6:   evilmike_catoblepas_cave, layout_hall_layers,
          hellmonk_ghost_happy_afterlife
Snake:1:  layout_gridlike, minmay_shop_star, lemuel_fruit_tree, uniq_nikola
Snake:2:  layout_concentric_octagons, grunt_ministairs_1,
          nicolae_snake_gridmaze_swirls, uniq_vashnia
Slime:1:  layout_caves, basic_altar
Slime:2:  layout_caves
Slime:3:  layout_caves, basic_altar
Slime:4:  layout_caves, cheibrodos_slime_lost_civilization_6
Slime:5
Orc:1:    layout_caves
Orc:2:    st_orc_pillars, layout_diamond_mine, serial_shops,
          nicolae_shop_crystal, nicolae_shop_statue_plus, bloody_makhleb

Skill      XL: |  1  2  3  4  5  6  7  8  9 10 11 12 13 14 15 |
---------------+----------------------------------------------+-----
Dodging        | 3 4 5 6 8 9 10 11 12 | 12.2
Fighting       | 4 5 6 7 8 9 11 12 14 15 16 | 16.8
Short Blades   | 1 2 3 |  3.6
Shields        | 4 5 6 7 8 9 10 11 | 11.3
Crossbows      | 3 4 5 8 |  8.8
Maces & Flails | 1 4 7 9 10 12 13 14 | 14.3
Long Blades    | |  2.4
Throwing       | |  0.4
Evocations     | |  0.4

Action                   |  1- 3 |  4- 6 |  7- 9 | 10-12 | 13-15 || total
-------------------------+-------+-------+-------+-------+-------++-------
Melee: Dagger            |   111 |   182 |    11 |       |       ||   304
       Long sword        |     7 |       |       |       |       ||     7
       Tailslap          |    15 |    30 |    27 |    42 |   133 ||   247
       Mace              |       |       |   192 |   325 |   718 ||  1235
       Headbutt          |       |       |     1 |    88 |   127 ||   216
       Pseudopods        |       |       |       |    21 |   133 ||   154
       Bite              |       |       |       |       |    15 ||    15
 Fire: Hand crossbow     |       |    13 |    37 |   113 |   176 ||   339
Throw: Dart              |       |     4 |       |       |     1 ||     5
Invok: Oozemancy         |       |     1 |       |       |     8 ||     9
       Slimify           |       |       |       |     8 |     5 ||    13
Evoke: Wand              |       |       |       |     3 |       ||     3
  Use: Scroll            |       |       |     9 |     3 |    10 ||    22
       Potion            |       |       |     4 |     1 |     9 ||    14
 Stab: Sleeping          |       |       |     1 |     2 |     2 ||     5
       Invisible         |       |       |     1 |       |       ||     1
       Distracted        |       |       |       |       |     1 ||     1
       Confused          |       |       |       |       |     9 ||     9
Armor: Skin              |    35 |    38 |    84 |    84 |   171 ||   412
Dodge: Dodged            |    55 |    61 |   162 |   260 |   582 ||  1120
Block: Buckler           |    21 |    24 |    75 |   107 |   409 ||   636

Table legend: (Time is in decaauts)
 A = Elapsed time spent in this place.
 B = Non-inter-level travel time spent in this place.
 C = Inter-level travel time spent in this place.
 D = Time resting spent in this place.
 E = Time spent auto-exploring this place.
 F = Levels seen in this place.
 G = Mean time per level.
                   A        B        C        D        E       F      G
               +--------+--------+--------+--------+--------+-----+--------+
         Total |  20760 |  19628 |   1132 |   1088 |  14087 |  29 |  715.9 |
       Dungeon |   8869 |   8308 |    561 |    385 |   6385 |  12 |  739.1 |
        Temple |    241 |    236 |      5 |      0 |    231 |   1 |  241.0 |
          Lair |   5651 |   5344 |    307 |    120 |   3886 |   6 |  941.8 |
     Snake Pit |   2168 |   2103 |     65 |    309 |   1175 |   2 | 1084.0 |
    Slime Pits |   1403 |   1296 |    107 |      0 |   1200 |   5 |  280.6 |
  Orcish Mines |   1424 |   1339 |     85 |     67 |    689 |   2 |  712.0 |
         Sewer |   1002 |   1002 |      0 |    207 |    521 |   1 | 1002.0 |
               +--------+--------+--------+--------+--------+-----+--------+

Top non-repeatable levels by time:
  Lair:3: 1261 daAuts
  Lair:6: 1245 daAuts
     D:1: 1206 daAuts
  Lair:1: 1181 daAuts
     D:4: 1177 daAuts
 Snake:2: 1147 daAuts
 Snake:1: 1021 daAuts
   Orc:2: 1013 daAuts
   Sewer: 1002 daAuts
     D:3: 943 daAuts
    D:10: 896 daAuts
  Lair:4: 871 daAuts
  Lair:2: 751 daAuts
     D:6: 745 daAuts
     D:9: 718 daAuts
